 Dungeon Crawl Stone Soup version 0.18-a0-1243-g9e52518 (webtiles) character file.

452 Lathuz the Destroyer (level 6, -1/32 HPs)
             Began as a Deep Elf Conjurer on Feb 5, 2016.
             Was an Initiate of Vehumet.
             Slain by Edmund
             ... wielding a +1 flail of protection
              (5 damage)
             ... on level 3 of the Dungeon.
             The game lasted 00:11:48 (4954 turns).

Lathuz the Destroyer (Deep Elf Conjurer)            Turns: 4954, Time: 00:11:48

Health: -1/32      AC:  3    Str:  5    XL:     6   Next: 75%
Magic:  5/12       EV: 13    Int: 22    God:    Vehumet [......]
Gold:   134        SH:  0    Dex: 15    Spells: 3 memorised, 3 levels left

rFire  . . .     SeeInvis .     d - +0 short sword
rCold  . . .     Gourm    .     a - +0 robe
rNeg   . . .     Faith    .     (no shield)
rPois  .         Spirit   .     (no helmet)
rElec  .         Dismiss  .     e - +0 cloak
rCorr  .         Reflect  .     (no gloves)
SustAt .         Harm     .     (no boots)
MR     .....                    (no amulet)
Stlth  ++........               (no ring)
                                (no ring)

@: very slightly contaminated, not resistant to hostile enchantments, unstealthy
A: no striking features
a: Renounce Religion


You were on level 3 of the Dungeon.
You worshipped Vehumet.
Vehumet was noncommittal.
You were hungry.

You visited 1 branch of the dungeon, and saw 4 of its levels.

You collected 134 gold pieces.

Inventory:

Hand Weapons
 d - a +0 short sword (weapon)
Missiles
 h - 153 stones (quivered)
Armour
 a - a +0 robe (worn)
 e - a +0 cloak (worn)
Jewellery
 s - a +2 ring of protection {unknown}
Scrolls
 g - 2 scrolls of remove curse
 i - a scroll of teleportation {unknown}
 j - 5 scrolls of identify {unknown}
 q - 2 scrolls of random uselessness {unknown}
Potions
 f - a potion of lignification {unknown}
 m - a potion of invisibility {unknown}
 n - a potion of agility {unknown}
 o - a potion of cancellation {unknown}
 p - a potion of magic {unknown}
 t - a potion of curing {unknown}
Books
 b - a book of Conjurations

   Spells                             Type                      Level
   a - Magic Dart                     Conjuration                  1
   b - Searing Ray                    Conjuration                  2
   c - Dazzling Spray                 Conjuration/Hexes            3
   d - Fulminant Prism                Conjuration/Hexes            4
   e - Iskenderun's Mystic Blast      Conjuration                  4
   f - Iskenderun's Battlesphere      Conjuration/Charms           5
Comestibles
 c - 2 bread rations
 k - 2 fruits
 l - a meat ration


   Skills:
 - Level 2.4 Dodging
 - Level 2.4 Stealth
 - Level 3.0 Spellcasting
 + Level 8.5 Conjurations
 + Level 3.3 Charms


You had 3 spell levels left.
You knew the following spells:

 Your Spells              Type           Power        Failure   Level  Hunger
a - Magic Dart            Conj           ####         1%          1    None
b - Searing Ray           Conj           #####.       1%          2    ##.....
c - Iskenderun's Battles  Conj/Chrm      ####....     34%         5    ######.


Dungeon Overview and Level Annotations

Branches:
Dungeon (4/15)
 Temple: D:4-7

Altars:
Elyvilon
Pakellas
Ru
Sif Muna
Trog
Vehumet
Yredelemnul

Shops:
D:3 }

Annotations:
D:3 Edmund


Message History

Casting: Magic Dart
Confirm with . or Enter, or press ? or * to list all spells.
Aiming: Magic Dart
Press: ? - help, Shift-Dir - straight line, f/p - Edmund
Aim: Edmund, wielding a flail of protection and wearing a scale mail The magic dart hits Edmund.
Casting: Magic Dart
Confirm with . or Enter, or press ? or * to list all spells.
Aiming: Magic Dart
Press: ? - help, Shift-Dir - straight line, f/p - Edmund
Aim: Edmund, wielding a flail of protection and wearing a scale mail The magic dart hits Edmund.
Edmund hits you but does no damage.
Casting: Magic Dart
Confirm with . or Enter, or press ? or * to list all spells.
Aiming: Magic Dart
Press: ? - help, Shift-Dir - straight line, f/p - Edmund
Aim: Edmund, wielding a flail of protection and wearing a scale mail The magic dart hits Edmund.
Edmund hits you with a flail of protection.
You die...

#.8._.8.....#
###########..8.8......#
##>............8.[.....#
##......................#
#..............##.......#
#####........).....##.......#####
......................@........(.
#####..............##........####
#.......>...@@.#####.###..#
##.....[......## #.# ##.###
#######..........## #.# #.##.
#).......###.#.### #@# #.#..
#.)......###.#.# #.# #...#
#........##..#.# #.# ##...
#........##.##.## #.# ##.##
#........##.##..## #.####..##
##..#..####.###..### #.##...##


You could see Edmund.

Vanquished Creatures
  Sigmund (D:3)
  2 hounds
  An orc wizard (D:4)
  An iguana (D:3)
  7 adders
  3 oozes
  2 worms
  2 giant geckos
  6 orcs
  7 bats
  6 giant cockroaches
  11 goblins
  9 hobgoblins
  2 jackals (D:1)
  16 kobolds
  2 quokkas
  8 giant newts
  8 rats
94 creatures vanquished.

Notes
Turn   | Place    | Note
--------------------------------------------------------------
     0 | D:1      | Lathuz the Deep Elf Conjurer began the quest for the Orb.
     0 | D:1      | Reached XP level 1. HP: 10/10 MP: 6/6
   252 | D:1      | Reached XP level 2. HP: 15/15 MP: 6/8
   265 | D:1      | Reached skill level 5 in Conjurations
   501 | D:1      | Learned a level 2 spell: Searing Ray
   611 | D:1      | Reached XP level 3. HP: 19/19 MP: 5/9
  1523 | D:2      | Found a bloodstained altar of Trog.
  1573 | D:2      | Noticed Sigmund
  1788 | D:2      | Reached skill level 6 in Conjurations
  1847 | D:2      | Found a white marble altar of Elyvilon.
  2054 | D:2      | Found a basalt altar of Yredelemnul.
  2098 | D:2      | Found a radiant altar of Vehumet.
  2108 | D:2      | Reached XP level 4. HP: 22/24 MP: 3/10
  2168 | D:2      | Became a worshipper of Vehumet
  2281 | D:2      | Found a deep blue altar of Sif Muna.
  3314 | D:3      | Killed Sigmund
  3314 | D:3      | Reached skill level 8 in Conjurations
  3314 | D:3      | Reached XP level 5. HP: 23/28 MP: 6/11
  3314 | D:3      | Reached XP level 6. HP: 26/32 MP: 6/12
  3383 | D:3      | Learned a level 5 spell: Iskenderun's Battlesphere
  3416 | D:3      | Found a sacrificial altar of Ru.
  3470 | D:3      | Reached skill level 1 in Charms
  3743 | D:3      | Found a faded altar to an unknown god.
  3857 | D:3      | Found an oddly glowing altar of Pakellas.
  3857 | D:3      | Found Pakellas's Prime Provisions.
  4505 | D:4      | Noticed Edmund
  4954 | D:3      | Slain by Edmund

Vault maps used:
D:1:      scummos_arrival_star
D:2:      lemuel_crystal_altar, old_standard_altar, lemuel_round_altar,
          nicolae_overflow_crystal_walls, nicolae_overflow_hidden_temple,
          first_bread, minmay_misc_feat_chi, minmay_ruptured, uniq_sigmund
D:3:      johnstein_pakellas_shop, ecumenical_altar_2,
          nicolae_ru_the_path_less_chosen
D:4:      nicolae_gozag_seed_capital, makhleb_blood_cavern_becter,
          minmay_temple_entry_statues_fountains, minmay_surrounded, uniq_edmund,
          uniq_crazy_yiuf_cottage

Action                   |  1- 3 |  4- 6 || total
-------------------------+-------+-------++-------
Melee: Unarmed           |     6 |       ||     6
 Cast: Magic Dart        |    74 |    99 ||   173
       Searing Ray       |     5 |     9 ||    14
  Use: Scroll            |       |     1 ||     1
  Eat: Chunk             |     1 |     4 ||     5
       Beef jerky        |     1 |       ||     1
       Bread ration      |       |     1 ||     1
       Fruit             |       |     1 ||     1
